 Dungeon Crawl Stone Soup version 0.27.1-35-g4d5d836560 (webtiles) character file.

Game seed: 12047875374449367056

10 Faeu the Skirmisher (level 2, 0/24 HPs)
             Began as a Human Berserker on Mar 15, 2022.
             Was a Follower of Trog.
             Slain by a quokka (4 damage)
             ... on level 1 of the Dungeon.
             The game lasted 00:03:46 (190 turns).

Faeu the Skirmisher (Human Berserker)                Turns: 190, Time: 00:03:47

Health: 0/24       AC:  2    Str: 17    XL:     2   Next: 30%
Magic:  2/2        EV: 12    Int:  7    God:    Trog [*.....]
Gold:   35         SH:  0    Dex: 12    Spells: 1/1 levels left

rFire    . . .     SeeInvis .   a - +0 short sword {short}
rCold    . . .     Faith    .   (no shield)
rNeg     . . .     Spirit   .   b - +0 animal skin
rPois    .         Reflect  .   (no helmet)
rElec    .         Harm     .   (no cloak)
rCorr    .         Rampage  .   (no gloves)
Will     .....                  (no boots)
Stlth    +.........             (no amulet)
HPRegen  0.08/turn              (no ring)
MPRegen  0.08/turn              (no ring)

@: on berserk cooldown, slowed, very slow
A: no striking features
a: Renounce Religion, Berserk


You were on level 1 of the Dungeon.
You worshipped Trog.
Trog was aware of your devotion.
You visited 1 branch of the dungeon, and saw 1 of its levels.

You collected 35 gold pieces.


   Skills:
 + Level 3.2 Fighting
 + Level 3.1 Short Blades
 + Level 0.2 Throwing
 + Level 2.1 Armour
 + Level 2.0 Dodging


You had one spell level left.
You didn't know any spells.
Your spell library was empty.

Inventory:

Hand Weapons
 a - a +0 short sword (weapon) {short}
Missiles
 e - 2 boomerangs {throwing}
Armour
 b - a +0 animal skin (worn)
Scrolls
 d - a scroll of noise {unknown}
Potions
 c - a potion of flight {unknown}
 f - a potion of heal wounds {unknown}

Dungeon Overview and Level Annotations

Branches:
Dungeon (1/15)

Altars:

#..# ##.# #.# #.###.#
############ #..##.#
#..........# ##.##.#
#..........# #.##.#
#..........# #..#.#
#..........# ##.#†#
#..........# #...#
#....@.....#
#####..####..†.r.....#
#..................).#
#......#####.#########
#....†.#...#.#
#......###.#.#
#....#.....#.#
##....#.#####.#
..............#


You could see a quokka.


Message History

You closely miss the bat. The bat hits you but does no damage.
The bat hits you but does no damage. x2
You throw a boomerang {throwing}. The boomerang {throwing} hits the bat.
You kill the bat!
Trog accepts your kill.
You have reached level 2! 😎 HP[+7] MP[+1]
You now have 24 max hp (+6).
Your hp is fully restored (24).
Your mp is fully restored (2).
You fail to use your ability.
A red film seems to cover your vision as you go berserk!
You feel yourself moving faster!
You feel mighty! 😎 HP[+12]
You now have 36 max hp (+12).
Your hp is fully restored (36).
You feel a strong urge to attack something.
The ball python hisses angrily.
Found a stone staircase leading down.
You see here a smoky red potion.
You feel your anger nearly subside.
You are no longer berserk.
You are exhausted.
You feel yourself slow down.
You see here a smoky red potion. 😎 HP[-12]
You now have 24 max hp (-12).
f - a smoky red potion You hit the ball python.
You kill the ball python!
Trog accepts your kill.
There is a stone staircase leading down here.
You feel yourself speed up.
A hobgoblin comes into view.
You recover from your berserk rage.
A red film seems to cover your vision as you go berserk!
You feel yourself moving faster!
You feel mighty! 😎 HP[+12]
You now have 36 max hp (+12).
Your hp is fully restored (36).
A quokka and a hobgoblin come into view.
You feel a strong urge to attack something.
The hobgoblin shouts!
A rat comes into view.
You closely miss the hobgoblin. The hobgoblin closely misses you.
You barely miss the hobgoblin. You puncture the hobgoblin!
You kill the hobgoblin!
Trog accepts your kill. The hobgoblin misses you.
The quokka bites you. 😕 HP[-3]
You take 3 damage, and now have 33/36 hp.
You puncture the hobgoblin!
You kill the hobgoblin!
Trog accepts your kill. The quokka misses you.
You feel a strong urge to attack something.
You are no longer berserk.
You are exhausted.
You feel yourself slow down.
The quokka bites you but does no damage.
The rat bites you. 😕 HP[-12]
You now have 24 max hp (-12).
You barely miss the rat. The quokka closely misses you.
The rat closely misses you.
The quokka bites you but does no damage.
You hit the rat.
You kill the rat!
Trog accepts your kill. The quokka bites you.
The quokka barely misses you. 😮 HP[-3]
You take 3 damage, and now have 18/24 hp.
You miss the quokka. The quokka bites you. 😮 HP[-1]
You take 1 damage, and now have 17/24 hp.
You hit the quokka. The quokka bites you. The quokka misses you.
You completely miss the quokka. The quokka completely misses you.
The quokka misses you.
You hit the quokka but do no damage. The quokka bites you. 😮 HP[-3]
You take 3 damage, and now have 14/24 hp.
You hit the quokka but do no damage. The quokka barely misses you.
The quokka bites you.
* * * LOW HITPOINT WARNING * * *
😨 HP[-3]
You take 3 damage, and now have 11/24 hp.
You hit the quokka. The quokka bites you.
* * * LOW HITPOINT WARNING * * *
The quokka misses you. 😨 HP[-2]
You take 2 damage, and now have 9/24 hp.
You closely miss the quokka. The quokka bites you.
* * * LOW HITPOINT WARNING * * *
😱 HP[-4]
You take 4 damage, and now have 5/24 hp.
You hit the quokka but do no damage. The quokka bites you.
* * * LOW HITPOINT WARNING * * *
The quokka completely misses you. 😱 HP[-1]
You take 1 damage, and now have 4/24 hp.
You hit the quokka but do no damage. The quokka bites you.
You die...

Action                   || total
-------------------------++-------
Melee: Short sword       ||    33
Throw: Boomerang         ||     6
Invok: Berserk           ||     2
Armor: Animal skin       ||    10
Dodge: Dodged            ||    31

Levels and vault maps discovered:
D:1:      minmay_arrival_cross, layout_basic, serial_shops, nicolae_shop_crystal

Notes
Turn   | Place    | Note
-------+----------+-------------------------------------------
     0 | D:1      | Faeu the Human Berserker began the quest for the Orb.
     0 | D:1      | Reached XP level 1. HP: 18/18 MP: 1/1
     0 | D:1      | magus.rc [v1.9.6]
   133 | D:1      | Reached XP level 2. HP: 24/24 MP: 2/2
   188 | D:1      | HP: 5/24 [quokka (4)]
   190 | D:1      | Slain by a quokka

Vanquished Creatures
  A dart slug (D:1)
  3 hobgoblins (D:1)
  A ball python (D:1)
  2 bats (D:1)
  2 rats (D:1)
9 creatures vanquished.

Table legend:
 A = Non-vault XP
 B = Vault XP
 C = Vault XP percentage of total XP
 D = Non-vault monster count
 E = Vault monster count
 F = Vault count percentage of total count
                 A         B        C        D         E       F
            +---------+---------+-------+---------+---------+-------
      Total |      15 |       0 |   0.0 |       9 |       0 |   0.0
            +---------+---------+-------+---------+---------+-------
        D:1 |      15 |       0 |   0.0 |       9 |       0 |   0.0
            +---------+---------+-------+---------+---------+-------

Illustrated notes

Table legend:
 A = Kills in this place as a percentage of kills in entire the game.
 B = Kills by you in this place as a percentage of kills by you in the entire game.
 C = Kills by friends in this place as a percentage of kills by friends in the entire game.
 D = Other kills in this place as a percentage of other kills in the entire game.
 E = Experience gained in this place as a percentage of experience gained in the entire game.
 F = Experience gained in this place divided by the number of levels of this place that you have seen.
                   A       B       C       D       E      F
               +-------+-------+-------+-------+-------+----------------------
         Total | 100.0 | 100.0 |   N/A |   N/A | 100.0 |  15.0
       Dungeon | 100.0 | 100.0 |   N/A |   N/A | 100.0 |  15.0
               +-------+-------+-------+-------+-------+----------------------

Table legend: (Time is in decaauts)
 A = Elapsed time spent in this place.
 B = Non-inter-level travel time spent in this place.
 C = Inter-level travel time spent in this place.
 D = Time resting spent in this place.
 E = Time spent auto-exploring this place.
 F = Levels seen in this place.
 G = Mean time per level.
                   A        B        C        D        E       F      G
               +--------+--------+--------+--------+--------+-----+--------+
         Total |    200 |    200 |      0 |      0 |     24 |   1 |  200.0 |
       Dungeon |    200 |    200 |      0 |      0 |     24 |   1 |  200.0 |
               +--------+--------+--------+--------+--------+-----+--------+

Top non-repeatable levels by time:
     D:1: 200 daAuts
